 Dungeon Crawl Stone Soup version 0.30-a0-879-ga8ba668304 (webtiles) character file.

Game seed: 9726080127130527513

823 Hubris850 the Cudgeller (level 7, -6/70 HPs)
             Began as an Ogre Reaver on Mar 13, 2023.
             Mangled by an orc warrior
             ... wielding a +0 glaive
              (19 damage)
             ... on level 5 of the Dungeon.
             The game lasted 00:14:14 (4624 turns).

Hubris850 the Cudgeller (Ogre Reaver)               Turns: 4624, Time: 00:14:15

Health: -6/70      AC:  3    Str: 17    XL:     7   Next: 96%
Magic:  10/10      EV: 10    Int: 16    God:
Gold:   239        SH:  0    Dex:  7    Spells: 9/10 levels left

rFire   . . .      SeeInvis .    o - +0 demon whip (flame)
rCold   . . .      Faith    .    (no shield)
rNeg    . . .      Spirit   .    b - +0 robe
rPois   .          Reflect  .    (helmet restricted)
rElec   .          Rampage  .    (no cloak)
rCorr   .                        (gloves unavailable)
Will    .....                    (boots unavailable)
Stlth   +                        (no amulet)
HPRegen 0.31/turn                (no ring)
MPRegen 0.12/turn                (no ring)

@: no status effects
A: large, unfitting armour, tough skin 1
a: no special abilities


You were on level 5 of the Dungeon.
You visited 1 branch of the dungeon, and saw 5 of its levels.
You also visited: Sewer.

You collected 239 gold pieces.

Inventory:

Hand Weapons
 a - a +0 mace
 o - a +0 demon whip of flaming (weapon)
Missiles
 d - 3 large rocks
 m - 2 poisoned darts (quivered)
 y - 2 javelins
Armour
 b - a +0 robe (worn)
Jewellery
 r - a ring of ice
Scrolls
 f - 2 scrolls of magic mapping {unknown}
 g - a scroll of vulnerability {unknown}
 i - 6 scrolls of identify {unknown}
 k - a scroll of torment {unknown}
 l - a scroll of amnesia {unknown}
 n - 2 scrolls of poison {unknown}
 p - 2 scrolls of silence {unknown}
 u - 2 scrolls of teleportation {unknown}
 v - a scroll of brand weapon {unknown}
 w - 2 scrolls of blinking {unknown}
Potions
 c - a potion of flight {unknown}
 e - a potion of attraction {unknown}
 h - a potion of invisibility {unknown}
 j - 2 potions of magic {unknown}
 q - 2 potions of haste {unknown}
 s - a potion of curing {unknown}
 t - 2 potions of cancellation {unknown}
 x - a potion of heal wounds {unknown}
 z - a potion of mutation {unknown}
 A - a potion of degeneration {unknown}


   Skills:
 - Level 4.0 Fighting
 + Level 7.2 Maces & Flails
 - Level 4.0 Dodging
 - Level 2.4 Spellcasting
 - Level 2.6 Conjurations


You had 9 spell levels left.
You knew the following spells:

 Your Spells              Type           Power      Damage    Failure   Level
a - Kiss of Death         Conj/Necr      24%        2d7       12%         1

Your spell library contained the following spells:

 Spells                   Type           Power      Damage    Failure   Level
 Momentum Strike          Conj/Tloc      12%        3d8       17%         2
 Slow                     Hex            4%         N/A       21%         1
 Hailstorm                Conj/Ice       6%         3d4       34%         3
 Confusing Touch          Hex            1%         N/A       52%         3
 Vampiric Draining        Necr           1%         2d6       52%         3
 Manifold Assault         Tloc           1%         N/A       89%         4
 Dispersal                Tloc           0%         N/A       100%        6
 Disjunction              Tloc           0%         N/A       100%        8


Dungeon Overview and Level Annotations

Branches:
Dungeon (5/15)              Sewer (visited)
 Temple: D:4-7

Altars:
Vehumet
Xom


Innate Abilities, Weirdness & Mutations

You are too large for most types of armour.
You have tough skin. (AC +1)


Message History

An orc comes into view. It is wielding a +0 flail.
An orc wizard comes into view. It is wielding a +0 dagger.
The orc wizard shouts!
Found a robe.
The orc barely misses you.
You whack the orc! You burn the orc.
You kill the orc!
The orc warrior barely misses you.
The orc warrior hits you with a +0 glaive!
The orc wizard barely misses you.
You see here a +0 trident.
You hit the orc warrior. You burn the orc warrior.
The orc warrior is lightly wounded.
The orc warrior hits you with a +0 glaive!
The orc wizard hits you with a +0 dagger.
The orc hits you with a +0 flail.
You hit the orc warrior. You burn the orc warrior.
The orc warrior is moderately wounded.
The orc warrior hits you with a +0 glaive!
The orc wizard hits you with a +0 dagger.
The orc hits you with a +0 flail!
* * * LOW HITPOINT WARNING * * *
You closely miss the orc warrior.
The orc warrior is moderately wounded.
You closely miss the orc warrior.
The orc warrior is moderately wounded.
The orc warrior barely misses you.
The orc wizard hits you with a +0 dagger.
* * * LOW HITPOINT WARNING * * *
The orc closely misses you.
You hit the orc warrior. You burn the orc warrior.
The orc warrior is heavily wounded.
The orc hits you with a +0 flail.
* * * LOW HITPOINT WARNING * * *
The orc warrior barely misses you.
The orc wizard hits you but does no damage.
You closely miss the orc warrior.
The orc warrior is heavily wounded.
The orc warrior hits you with a +0 glaive!!
You die...

#......##+##....#
.....
#......#........#
.####
#......#........#
######'#........#
#................#
#........##'#....#
#...<....#..#....#
#........#..+....+
#........#..#.@o.#
#############.oo......
#......... #.........
#......... #......[..
#......... ##########


You could see an orc warrior, an orc wizard and an orc.

Vanquished Creatures
  A water moccasin (D:5)
  An ogre (D:4)
  A phantom (D:3)
  2 bullfrogs (Sewer)
  2 scorpions (D:4)
  3 orc wizards
  6 adders
  5 river rats
  2 white imps (D:5)
  3 worms
  5 dart slugs
  12 orcs
  14 ball pythons
  7 bats
  5 endoplasms
  2 giant cockroaches
  4 goblins
  5 hobgoblins
  11 kobolds
  3 quokkas
  6 frilled lizards
  31 rats
131 creatures vanquished.

Notes
Turn   | Place    | Note
-------+----------+-------------------------------------------
     0 | D:1      | Hubris850 the Ogre Reaver began the quest for the Orb.
     0 | D:1      | Reached XP level 1. HP: 22/22 MP: 3/3
   149 | D:1      | Reached XP level 2. HP: 30/31 MP: 5/5
   275 | D:1      | Reached skill level 3 in Maces & Flails
   542 | D:1      | Found a faded altar of an unknown god.
   605 | D:1      | Reached XP level 3. HP: 34/37 MP: 6/6
  1463 | D:3      | Reached XP level 4. HP: 48/48 MP: 7/7
  1913 | D:3      | Noticed a phantom
  1927 | D:3      | Killed a phantom
  1928 | D:3      | Reached skill level 4 in Maces & Flails
  1928 | D:3      | Reached XP level 5. HP: 26/54 MP: 8/8
  2431 | D:4      | Reached XP level 6. HP: 62/62 MP: 9/9
  2509 | D:4      | Found a shimmering altar of Xom.
  2612 | D:4      | Found a radiant altar of Vehumet.
  2711 | D:4      | Reached skill level 5 in Maces & Flails
  2849 | D:4      | Found a glowing drain.
  2873 | Sewer    | Entered a sewer
  3022 | Sewer    | Reached XP level 7. HP: 58/70 MP: 10/10
  3431 | Sewer    | Reached skill level 6 in Maces & Flails
  4147 | D:5      | Entered Level 5 of the Dungeon
  4480 | D:5      | Reached skill level 7 in Maces & Flails
  4624 | D:5      | Mangled by an orc warrior

Illustrated notes

Levels and vault maps discovered:
D:1:      erik_arrival_blinker_ship, layout_rooms,
          shapermc_ecumenical_altar_acropolis, minmay_tiny_reverse_x
D:2:      layout_loops_ring
D:3:      layout_rooms, patterned_corridor
D:4:      layout_basic, jmf_multi_god_temple, portal_sewer_entry_a,
          serial_rivers, chequers_serial_rivers_small_a,
          chequers_serial_rivers_large_a, chequers_serial_rivers_small_b,
          chequers_serial_rivers_large_b, chequers_serial_rivers_micro_a
D:5:      layout_gridville, minmay_temple_entry_poolview, uniq_menkaure

Skill      XL: |  1  2  3  4  5  6  7 |
---------------+----------------------+-----
Fighting       | 3 4 |  4.0
Dodging        | 2 3 4 |  4.0
Maces & Flails | 3 4 5 7 |  7.2
Spellcasting   | |  2.4
Conjurations   | |  2.6

Action                     |  1- 3 |  4- 6 |  7- 9 || total
---------------------------+-------+-------+-------++-------
  Melee: Mace              |   107 |    45 |       ||   152
         Punch             |     1 |     2 |     2 ||     5
         Demon whip        |       |   118 |   126 ||   244
  Throw: Large rock        |     2 |     3 |     6 ||    11
         Dart              |       |    16 |     4 ||    20
 Armour: Robe              |    39 |    40 |    31 ||   110
  Dodge: Dodged            |    47 |    64 |    80 ||   191

Table legend: (Time is in decaauts)
 A = Elapsed time spent in this place.
 B = Non-inter-level travel time spent in this place.
 C = Inter-level travel time spent in this place.
 D = Time resting spent in this place.
 E = Time spent auto-exploring this place.
 F = Levels seen in this place.
 G = Mean time per level.
                   A        B        C        D        E       F      G
               +--------+--------+--------+--------+--------+-----+--------+
         Total |   4630 |   4512 |    118 |    948 |   2375 |   6 |  771.7 |
       Dungeon |   3847 |   3729 |    118 |    476 |   2304 |   5 |  769.4 |
         Sewer |    782 |    782 |      0 |    472 |     71 |   1 |  782.0 |
               +--------+--------+--------+--------+--------+-----+--------+

Top non-repeatable levels by time:
     D:4: 977 daAuts
     D:3: 953 daAuts
   Sewer: 782 daAuts
     D:1: 743 daAuts
     D:2: 696 daAuts
     D:5: 477 daAuts
